WINNIPEG vs BUFFALO

Created - Wednesday, April 25, 2018 at 21:50

Goals
1 2 3 T
WINNIPEG 1 3 2 6
BUFFALO 3 1 1 5
Shots
1 2 3 T
WINNIPEG 15 11 15 41
BUFFALO 11 7 9 27

1st period

1. BUFFALO , Riley Nash 3 (Noah Hanifin 18, Dominic Moore 8) at 5:46
2. BUFFALO , Brad Marchand 37 (Roman Josi 53, Matt Duchene 36) at 7:25
3. BUFFALO , Nick Bonino 21 (Henrik Sedin 36, Milan Lucic 22) at 10:29 (PP)
4. WINNIPEG , Matt Moulson 4 (Matt Hunwick 17, Nic Dowd 10) at 13:34

Penalties :
Nick Holden (WPG) for Interference (Minor) at 2:14, Alexander Ovechkin (WPG) for Tripping (Minor) at 9:08, Riley Nash (BUF) for Roughing (Minor) at 11:12, Drew Doughty (BUF) for Hooking (Minor) at 11:21, Alexander Edler (WPG) for Tripping (Minor) at 16:56

2nd period

5. WINNIPEG , Cam Atkinson 37 (Sidney Crosby 60, Alexander Ovechkin 56) at 9:03 (PP)
6. WINNIPEG , Sven Baertschi 17 (Matt Hunwick 18) at 9:12
7. WINNIPEG , Cam Atkinson 38 (Sidney Crosby 61, Alexander Edler 39) at 9:58
8. BUFFALO , Nick Bonino 22 (Brad Marchand 45, Jakob Silfverberg 35) at 15:22 (PP)

Penalties :
David Backes (BUF) for Cross-checking (Minor) at 7:17, Brad Marchand (BUF) for Hooking (Minor) at 11:30, Nick Holden (WPG) for Holding (Minor) at 15:02

3rd period

9. WINNIPEG , Sidney Crosby 41 (Cam Atkinson 41) at 9:24 (PP)
10. WINNIPEG , Alexander Ovechkin 47 (Bo Horvat 59, Nick Holden 42) at 14:16
11. BUFFALO , J.T. Miller 31 (Nick Bonino 24) at 15:23 (PP)

Penalties :
Clayton Stoner (WPG) for Holding (Minor) at 0:49, Zdeno Chara (BUF) for Holding (Minor) at 9:18, Clayton Stoner (WPG) for Roughing (Minor) at 11:46, Nick Holden (WPG) for Hooking (Minor) at 14:38

Goalie Stats

Jimmy Howard (WPG), 22 saves from 27 shots - (0.815), W, 16-10-1, 60:00 minutes
Chad Johnson (BUF), 35 saves from 41 shots - (0.854), L, 4-7-1, 59:00 minutes

Players Stats for WINNIPEG

Player Name              G  A  P  +/- PIM S  H  SB GA TA FO     MP     PP MP  PK MP  
------------------------------------------------------------------------------------
Alexander Edler          0  1  1   1  2   0  1  1  0  0  0/0    26:09   3:37   4:21 
Alexander Ovechkin       1  1  2   1  2   7  2  0  0  0  2/2    15:25   3:37   0:00 
Bo Horvat                0  1  1   1  0   0  0  0  0  0  10/19  18:24   2:20   3:43 
Brandon Sutter           0  0  0   1  0   2  2  0  0  0  14/28  17:02   0:00   6:53 
Cam Atkinson             2  1  3   0  0   7  0  2  0  0  2/4    20:13   3:39   0:10 
Christopher Tanev        0  0  0   1  0   0  0  0  0  0  0/0    23:19   0:00   5:07 
Clayton Stoner           0  0  0   1  4   1  5  1  0  0  0/0    13:27   0:00   2:25 
Jannik Hansen            0  0  0   0  0   0  0  0  0  0  0/0     5:49   0:00   0:00 
Matt Hunwick             0  2  2   1  0   0  2  5  0  0  0/0    16:06   0:00   5:02 
Matt Moulson             1  0  1   0  0   3  0  0  0  0  1/1     5:49   0:00   0:00 
Nic Dowd                 0  1  1   0  0   0  0  0  0  0  1/5     5:49   0:00   0:00 
Nick Holden              0  1  1   0  6   1  5  3  0  0  0/0    20:03   2:22   3:21 
Patrick Eaves            0  0  0   1  0   1  0  0  0  0  0/0    14:09   2:20   0:00 
Patrick Marleau          0  0  0   0  0   6  2  0  0  0  1/1    19:31   3:39   0:00 
Pierre-Alexandre Parente 0  0  0   1  0   2  1  0  0  0  1/1    13:06   0:00   3:29 
Sidney Crosby            1  2  3   0  0   4  2  0  0  0  20/31  19:31   3:39   0:00 
Sven Baertschi           1  0  1   1  0   5  0  0  0  0  1/2    18:40   2:20   6:43 
Troy Stecher             0  0  0   0  0   2  0  1  0  0  0/0    16:59   2:22   0:14 

Players Stats for BUFFALO

Player Name              G  A  P  +/- PIM S  H  SB GA TA FO     MP     PP MP  PK MP  
------------------------------------------------------------------------------------
Alex Killorn             0  0  0   1  0   0  2  0  0  0  0/0     5:55   0:00   0:28 
Brad Marchand            1  1  2   0  2   5  4  0  0  0  1/2    24:12   5:36   1:52 
David Backes             0  0  0   0  2   2  0  0  0  0  0/1     9:55   0:00   1:14 
Dominic Moore            0  1  1   1  0   2  1  0  0  0  5/10    7:29   0:00   2:02 
Drew Doughty             0  0  0   1  2   0  3  0  0  0  0/0    24:54   5:16   2:13 
Frans Nielsen            0  0  0  -3  0   1  1  0  0  0  4/17   13:26   0:00   0:41 
Henrik Sedin             0  1  1   0  0   1  0  0  0  0  7/10   21:12   4:46   0:13 
J.T. Miller              1  0  1  -3  0   3  3  0  0  0  0/0    17:31   4:46   0:00 
Jakob Silfverberg        0  1  1  -3  0   1  0  0  0  0  1/2    18:53   5:36   0:00 
Jay Bouwmeester          0  0  0   0  0   0  1  1  0  0  0/0    13:43   0:00   2:26 
Kevan Miller             0  0  0   0  0   0  6  2  0  0  0/0    12:24   0:00   1:07 
Matt Duchene             0  1  1   0  0   3  1  0  0  0  12/28  22:21   5:36   0:00 
Milan Lucic              0  1  1   0  0   1  1  0  0  0  0/0    13:28   4:46   0:00 
Nick Bonino              2  1  3   0  0   4  0  1  0  0  11/24  17:26   5:06   3:38 
Noah Hanifin             0  1  1  -3  0   0  1  0  0  0  0/0    15:15   0:00   0:18 
Riley Nash               1  0  1   1  2   2  0  0  0  0  0/0     5:26   0:00   0:00 
Roman Josi               0  1  1   1  0   1  1  0  0  0  0/0    26:14   5:16   3:33 
Zdeno Chara              0  0  0  -3  2   1  5  2  0  0  0/0    22:22   5:06   2:20 

3 Stars

1 - Cam Atkinson (WPG)
2 - Nick Bonino (BUF)
3 - Sidney Crosby (WPG)

Power Play

WINNIPEG - 2 on 5 Attempt(s) - 40.00%
BUFFALO - 3 on 7 Attempt(s) - 42.86%

Penalty Kill

WINNIPEG - 4 on 7 Attempt(s) - 57.14% - Score 0 goal in Penalty Kill
BUFFALO - 3 on 5 Attempt(s) - 60.00% - Score 0 goal in Penalty Kill

Team Stat

WINNIPEG - Hits : 22 - Faceoff Wins : 53 - Blocked Shots : 13 - Penalty Minutes : 14
BUFFALO - Hits : 30 - Faceoff Wins : 41 - Blocked Shots : 6 - Penalty Minutes : 10

Official

Referees : Unknown
Linesman : Unknown

Game Notes

No Game Note

Finance

Level 1 -- Attendance: 6000 (100.00%) -- Ticket Income $480,000
Level 2 -- Attendance: 4758 (95.16%) -- Ticket Income $237,900
Level 3 -- Attendance: 1937 (96.85%) -- Ticket Income $54,236
Level 4 -- Attendance: 3871 (96.78%) -- Ticket Income $58,065
Luxury Box -- Attendance: 897 (89.70%) -- Ticket Income $143,520
Game was played at the KeyBank Center.
Total Attendance: 17463 (97.02%)
Total Ticket Income: $973,721
Total Income: $973,721

WINNIPEG

5 vs 5 Forward 
   Center                   Left Wing                Right Wing               Time % Phy DF OF 
 1 Sidney Crosby            Patrick Marleau          Cam Atkinson             35     0   2  3  
 2 Bo Horvat                Patrick Eaves            Alexander Ovechkin       30     0   2  3  
 3 Brandon Sutter           Sven Baertschi           Pierre-Alexandre Parentea25     1   2  2  
 4 Nic Dowd                 Matt Moulson             Jannik Hansen            10     1   2  2  

5 vs 5 Defense 
   Defense                  Defense                                           Time % Phy DF OF 
 1 Alexander Edler          Christopher Tanev                                 35     1   2  2  
 2 Nick Holden              Troy Stecher                                      30     1   2  2  
 3 Clayton Stoner           Matt Hunwick                                      25     1   2  2  
 4 Alexander Edler          Christopher Tanev                                 10     1   2  2  

PowerPlay Forward 
   Center                   Left Wing                Right Wing               Time % Phy DF OF 
 1 Sidney Crosby            Patrick Marleau          Cam Atkinson             60     1   2  2  
 2 Bo Horvat                Sven Baertschi           Patrick Eaves            40     1   2  2  

PowerPlay Defense
   Defense                  Defense                                           Time % Phy DF OF 
 1 Alexander Ovechkin       Alexander Edler                                   60     1   2  2  
 2 Nick Holden              Troy Stecher                                      40     1   2  2  

Penalty Kill 4 Players Forward 
   Center                   Wing                     Time % Phy DF OF 
 1 Brandon Sutter           Sven Baertschi           60     1   2  2  
 2 Bo Horvat                Pierre-Alexandre Parentea40     1   2  2  

Penalty Kill 4 Players Defense
   Defense                  Defense                  Time % Phy DF OF 
 1 Christopher Tanev        Alexander Edler          60     1   2  2  
 2 Matt Hunwick             Nick Holden              40     1   2  2  

Penalty Kill - 3 Players Forward 
   Forward                                           Time % Phy DF OF 
 1 Bo Horvat                                         60     1   2  2  
 2 Brandon Sutter                                    40     1   2  2  

Penalty Kill - 3 Players Defense
   Defense                  Defense                  Time % Phy DF OF 
 1 Christopher Tanev        Alexander Edler          60     1   2  2  
 2 Matt Hunwick             Nick Holden              40     1   2  2  

4 vs 4 Forward 
   Center                   Wing                     Time % Phy DF OF 
 1 Sidney Crosby            Cam Atkinson             60     1   2  2  
 2 Bo Horvat                Alexander Ovechkin       40     1   2  2  

4 vs 4 Defense
   Defense                  Defense                  Time % Phy DF OF 
 1 Alexander Ovechkin       Alexander Edler          60     1   2  2  
 2 Sven Baertschi           Nick Holden              40     1   2  2  

Last Minutes Offensive
   Center                   Left Wing                Right Wing               Defense                  Defense                  
   Sidney Crosby            Patrick Eaves            Cam Atkinson             Alexander Ovechkin       Nick Holden              

Last Minutes Defensive
   Center                   Left Wing                Right Wing               Defense                  Defense                  
   Bo Horvat                Brandon Sutter           Cam Atkinson             Christopher Tanev        Alexander Edler          

Goaltenders
Starting : Jimmy Howard             
Backup : Braden Holtby            

Extra Forwards
Normal : Patrick Eaves, Alexander Ovechkin, Patrick Marleau - PP : Sven Baertschi, Sidney Crosby - PK : Cam Atkinson
Extra Defensemen
Normal : Troy Stecher, Clayton Stoner, Christopher Tanev - PP : Troy Stecher - PK : Clayton Stoner, Christopher Tanev
Penalty Shots
Sidney Crosby, Alexander Ovechkin, Cam Atkinson, Patrick Eaves, Patrick Marleau

Scratches
WPG CAP HIT (Suspend)

BUFFALO

5 vs 5 Forward 
   Center                   Left Wing                Right Wing               Time % Phy DF OF 
 1 Matt Duchene             Henrik Sedin             Brad Marchand            35     1   2  2  
 2 Frans Nielsen            J.T. Miller              Jakob Silfverberg        30     1   2  2  
 3 Nick Bonino              Milan Lucic              David Backes             20     1   2  2  
 4 Dominic Moore            Alex Killorn             Riley Nash               15     1   2  2  

5 vs 5 Defense 
   Defense                  Defense                                           Time % Phy DF OF 
 1 Drew Doughty             Roman Josi                                        40     1   2  2  
 2 Zdeno Chara              Noah Hanifin                                      40     1   2  2  
 3 Kevan Miller             Jay Bouwmeester                                   10     1   2  2  
 4 Drew Doughty             Roman Josi                                        10     1   2  2  

PowerPlay Forward 
   Center                   Left Wing                Right Wing               Time % Phy DF OF 
 1 Matt Duchene             Brad Marchand            Jakob Silfverberg        60     1   2  2  
 2 Henrik Sedin             Milan Lucic              J.T. Miller              40     1   2  2  

PowerPlay Defense
   Defense                  Defense                                           Time % Phy DF OF 
 1 Drew Doughty             Roman Josi                                        60     1   2  2  
 2 Nick Bonino              Zdeno Chara                                       40     1   2  2  

Penalty Kill 4 Players Forward 
   Center                   Wing                     Time % Phy DF OF 
 1 Nick Bonino              Brad Marchand            60     1   2  2  
 2 Dominic Moore            Alex Killorn             40     1   2  2  

Penalty Kill 4 Players Defense
   Defense                  Defense                  Time % Phy DF OF 
 1 Drew Doughty             Roman Josi               60     1   2  2  
 2 Jay Bouwmeester          Zdeno Chara              40     1   2  2  

Penalty Kill - 3 Players Forward 
   Forward                                           Time % Phy DF OF 
 1 Dominic Moore                                     60     1   2  2  
 2 Nick Bonino                                       40     1   2  2  

Penalty Kill - 3 Players Defense
   Defense                  Defense                  Time % Phy DF OF 
 1 Drew Doughty             Roman Josi               60     1   2  2  
 2 Jay Bouwmeester          Zdeno Chara              40     1   2  2  

4 vs 4 Forward 
   Center                   Wing                     Time % Phy DF OF 
 1 Matt Duchene             Frans Nielsen            60     1   2  2  
 2 Nick Bonino              J.T. Miller              40     1   2  2  

4 vs 4 Defense
   Defense                  Defense                  Time % Phy DF OF 
 1 Drew Doughty             Roman Josi               60     1   2  2  
 2 Zdeno Chara              Noah Hanifin             40     1   2  2  

Last Minutes Offensive
   Center                   Left Wing                Right Wing               Defense                  Defense                  
   Matt Duchene             Brad Marchand            Jakob Silfverberg        Drew Doughty             Roman Josi               

Last Minutes Defensive
   Center                   Left Wing                Right Wing               Defense                  Defense                  
   Matt Duchene             Brad Marchand            Frans Nielsen            Drew Doughty             Zdeno Chara              

Goaltenders
Starting : Chad Johnson             
Backup : Tuukka Rask              

Extra Forwards
Normal : Frans Nielsen, David Backes, Brad Marchand - PP : Frans Nielsen, David Backes - PK : Frans Nielsen
Extra Defensemen
Normal : Roman Josi, Jay Bouwmeester, Zdeno Chara - PP : Kevan Miller - PK : Kevan Miller, Noah Hanifin
Penalty Shots
Brad Marchand, Alex Killorn, Jakob Silfverberg, J.T. Miller, David Backes

Scratches
None


% Time on Ice - WINNIPEG

Lines # - Real PCT - Wanted PCT - Time Play
Normal Forward
1 - 37% - 35% - 15:52
2 - 27% - 30% - 11:49
3 - 22% - 25% - 9:37
4 - 13% - 10% - 5:49
Normal Defense
1 - 36% - 35% - 15:22
2 - 33% - 30% - 14:23
3 - 26% - 25% - 11:04
4 - 5% - 10% - 2:18
PP Forward
1 - 61% - 60% - 3:39
2 - 39% - 40% - 2:20
PP Defense
1 - 60% - 60% - 3:37
2 - 40% - 40% - 2:22
PK Forward
1 - 66% - 60% - 6:53
2 - 34% - 40% - 3:29
PK Defense
1 - 55% - 60% - 5:40
2 - 45% - 40% - 4:42
PK3 Forward
1 - 0% - 60%
2 - 0% - 40%
PK3 Defense
1 - 0% - 60%
2 - 0% - 40%
44 Forward
1 - 0% - 60%
2 - 0% - 40%
44 Defense
1 - 0% - 60%
2 - 0% - 40%
Last Minute Offensive  - 0:00
Last Minute Defensive  - 0:32
Total
Forward - 60:00
Defense - 60:00

% Time on Ice - BUFFALO

Lines # - Real PCT - Wanted PCT - Time Play
Normal Forward
1 - 38% - 35% - 16:13
2 - 30% - 30% - 12:45
3 - 20% - 20% - 8:42
4 - 13% - 15% - 5:27
Normal Defense
1 - 39% - 40% - 16:53
2 - 35% - 40% - 14:57
3 - 26% - 10% - 11:17
4 - 0% - 10% - 0:00
PP Forward
1 - 54% - 60% - 5:36
2 - 46% - 40% - 4:46
PP Defense
1 - 51% - 60% - 5:16
2 - 49% - 40% - 5:06
PK Forward
1 - 89% - 60% - 3:41
2 - 11% - 40% - 0:28
PK Defense
1 - 56% - 60% - 2:20
2 - 44% - 40% - 1:49
PK3 Forward
1 - 74% - 60% - 1:21
2 - 26% - 40% - 0:29
PK3 Defense
1 - 66% - 60% - 1:13
2 - 34% - 40% - 0:37
44 Forward
1 - 0% - 60%
2 - 0% - 40%
44 Defense
1 - 0% - 60%
2 - 0% - 40%
Last Minute Offensive  - 0:32
Last Minute Defensive  - 0:00
Total
Forward - 60:00
Defense - 60:00

Play-by-Play

1st period


0:01 of 1st period - Matt Duchene wins face-off versus Sidney Crosby in neutral zone.
0:01 of 1st period - Matt Duchene is hit by Patrick Marleau.
0:04 of 1st period - Drew Doughty is hit by Sidney Crosby and loses puck.
0:08 of 1st period - Drew Doughty is hit by Alexander Edler and loses puck.
0:27 of 1st period - Brad Marchand is hit by Patrick Marleau and loses puck.
0:38 of 1st period - Shot by Brad Marchand.
0:38 of 1st period - Stopped by Jimmy Howard with a rebound.
1:05 of 1st period - Icing by Noah Hanifin.
1:06 of 1st period - Alexander Ovechkin wins face-off versus Frans Nielsen in BUFFALO zone.
1:09 of 1st period - Shot by Patrick Eaves.
1:09 of 1st period - Stopped by Chad Johnson with a rebound.
1:34 of 1st period - Frans Nielsen is hit by Nick Holden and loses puck.
2:14 of 1st period - Minor Penalty to Nick Holden for Interference.
2:15 of 1st period - Matt Duchene wins face-off versus Brandon Sutter in WINNIPEG zone.
3:18 of 1st period - Icing by Zdeno Chara.
3:19 of 1st period - Henrik Sedin wins face-off versus Brandon Sutter in BUFFALO zone.
4:08 of 1st period - Shot by Alexander Edler.
4:08 of 1st period - Shot Misses the Net.
4:13 of 1st period - Icing by Zdeno Chara.
4:14 of 1st period - Dominic Moore wins face-off versus Nic Dowd in BUFFALO zone.
4:34 of 1st period - Shot by Dominic Moore.
4:34 of 1st period - Stopped by Jimmy Howard without a rebound.
4:35 of 1st period - Brad Marchand wins face-off versus Sidney Crosby in WINNIPEG zone.
4:35 of 1st period - Matt Duchene is hit by Clayton Stoner and loses puck.
4:55 of 1st period - Henrik Sedin is hit by Clayton Stoner and loses puck.
5:18 of 1st period - Matt Duchene is hit by Clayton Stoner.
5:30 of 1st period - Shot by Alex Killorn.
5:30 of 1st period - Shot Misses the Net.
5:44 of 1st period - Shot by Riley Nash.
5:44 of 1st period - Shot Misses the Net.
5:46 of 1st period - Shot by Riley Nash.
5:46 of 1st period - Goal by Riley Nash - WINNIPEG : 0 - BUFFALO : 1.
5:47 of 1st period - Nick Bonino wins face-off versus Brandon Sutter in neutral zone.
7:03 of 1st period - Shot by Jakob Silfverberg.
7:03 of 1st period - Stopped by Jimmy Howard without a rebound.
7:04 of 1st period - Matt Duchene wins face-off versus Nic Dowd in WINNIPEG zone.
7:07 of 1st period - Shot by Brad Marchand.
7:07 of 1st period - Shot Blocked by Nick Holden.
7:25 of 1st period - Shot by Brad Marchand.
7:25 of 1st period - Goal by Brad Marchand - WINNIPEG : 0 - BUFFALO : 2.
7:26 of 1st period - Bo Horvat wins face-off versus Frans Nielsen in neutral zone.
7:33 of 1st period - Shot by Alexander Ovechkin.
7:33 of 1st period - Stopped by Chad Johnson with a rebound.
7:54 of 1st period - Icing by J.T. Miller.
7:55 of 1st period - Brandon Sutter wins face-off versus Frans Nielsen in BUFFALO zone.
7:55 of 1st period - Sven Baertschi is hit by Noah Hanifin.
7:59 of 1st period - Shot by Brandon Sutter.
7:59 of 1st period - Shot Hit the Post.
8:33 of 1st period - Shot by Brad Marchand.
8:33 of 1st period - Deflect By Matt Duchene.
8:33 of 1st period - Stopped by Jimmy Howard without a rebound.
8:34 of 1st period - Sidney Crosby wins face-off versus Matt Duchene in WINNIPEG zone.
8:42 of 1st period - Christopher Tanev is hit by Roman Josi and loses puck.
8:45 of 1st period - Shot by Patrick Marleau.
8:45 of 1st period - Deflect By Cam Atkinson.
8:45 of 1st period - Shot Misses the Net.
8:47 of 1st period - Shot by Patrick Marleau.
8:47 of 1st period - Stopped by Chad Johnson with a rebound.
8:49 of 1st period - Shot by Patrick Marleau.
8:49 of 1st period - Deflect By Sidney Crosby.
8:49 of 1st period - Stopped by Chad Johnson without a rebound.
8:50 of 1st period - Dominic Moore wins face-off versus Bo Horvat in BUFFALO zone.
8:54 of 1st period - Alex Killorn is hit by Alexander Ovechkin.
9:08 of 1st period - Minor Penalty to Alexander Ovechkin for Tripping.
9:09 of 1st period - Brandon Sutter wins face-off versus Matt Duchene in WINNIPEG zone.
9:38 of 1st period - Shot by Matt Duchene.
9:38 of 1st period - Deflect By Brad Marchand.
9:38 of 1st period - Shot Misses the Net.
9:40 of 1st period - Shot by Brad Marchand.
9:40 of 1st period - Shot Blocked by Matt Hunwick.
9:42 of 1st period - Shot by Roman Josi.
9:42 of 1st period - Shot Misses the Net.
10:19 of 1st period - Icing by Milan Lucic.
10:20 of 1st period - Henrik Sedin wins face-off versus Brandon Sutter in BUFFALO zone.
10:27 of 1st period - Shot by Henrik Sedin.
10:27 of 1st period - Shot Misses the Net.
10:29 of 1st period - Shot by Nick Bonino.
10:29 of 1st period - Goal by Nick Bonino - WINNIPEG : 0 - BUFFALO : 3.
10:30 of 1st period - Nick Bonino wins face-off versus Cam Atkinson in neutral zone.
10:37 of 1st period - Shot by Cam Atkinson.
10:37 of 1st period - Shot Misses the Net.
10:54 of 1st period - Shot by Patrick Marleau.
10:54 of 1st period - Stopped by Chad Johnson without a rebound.
10:55 of 1st period - Dominic Moore wins face-off versus Bo Horvat in BUFFALO zone.
11:00 of 1st period - Bo Horvat is hit by Alex Killorn and loses puck.
11:12 of 1st period - Minor Penalty to Riley Nash for Roughing.
11:13 of 1st period - Sidney Crosby wins face-off versus Nick Bonino in BUFFALO zone.
11:14 of 1st period - Shot by Patrick Marleau.
11:14 of 1st period - Stopped by Chad Johnson without a rebound.
11:15 of 1st period - Sidney Crosby wins face-off versus Nick Bonino in BUFFALO zone.
11:16 of 1st period - Shot by Alexander Ovechkin.
11:16 of 1st period - Stopped by Chad Johnson without a rebound.
11:17 of 1st period - Cam Atkinson wins face-off versus Nick Bonino in BUFFALO zone.
11:21 of 1st period - Minor Penalty to Drew Doughty for Hooking.
11:22 of 1st period - Sidney Crosby wins face-off versus Dominic Moore in BUFFALO zone.
11:25 of 1st period - Shot by Alexander Ovechkin.
11:25 of 1st period - Shot Blocked by Kevan Miller.
11:27 of 1st period - Shot by Sidney Crosby.
11:27 of 1st period - Stopped by Chad Johnson with a rebound.
11:29 of 1st period - Shot by Alexander Edler.
11:29 of 1st period - Shot Misses the Net.
11:31 of 1st period - Shot by Cam Atkinson.
11:31 of 1st period - Stopped by Chad Johnson without a rebound.
11:32 of 1st period - Sidney Crosby wins face-off versus Dominic Moore in BUFFALO zone.
12:01 of 1st period - Shot by Cam Atkinson.
12:01 of 1st period - Stopped by Chad Johnson without a rebound.
12:02 of 1st period - Bo Horvat wins face-off versus Dominic Moore in BUFFALO zone.
12:21 of 1st period - Shot by Nick Holden.
12:21 of 1st period - Shot Blocked by Kevan Miller.
12:37 of 1st period - Shot by Troy Stecher.
12:37 of 1st period - Shot Misses the Net.
13:06 of 1st period - Cam Atkinson is hit by Dominic Moore and loses puck.
13:10 of 1st period - Off-side.
13:11 of 1st period - Nick Bonino wins face-off versus Sidney Crosby in neutral zone.
13:13 of 1st period - Off-side.
13:14 of 1st period - Sidney Crosby wins face-off versus Nick Bonino in neutral zone.
13:16 of 1st period - Off-side.
13:17 of 1st period - Sidney Crosby wins face-off versus Nick Bonino in neutral zone.
13:25 of 1st period - Nic Dowd is hit by Zdeno Chara and loses puck.
13:34 of 1st period - Shot by Matt Moulson.
13:34 of 1st period - Goal by Matt Moulson - WINNIPEG : 1 - BUFFALO : 3.
13:35 of 1st period - Matt Duchene wins face-off versus Sven Baertschi in neutral zone.
13:35 of 1st period - Brad Marchand is hit by Pierre-Alexandre Parenteau and loses puck.
13:42 of 1st period - Shot by Brandon Sutter.
13:42 of 1st period - Shot Misses the Net.
13:44 of 1st period - Shot by Brandon Sutter.
13:44 of 1st period - Stopped by Chad Johnson with a rebound.
13:46 of 1st period - Shot by Brandon Sutter.
13:46 of 1st period - Stopped by Chad Johnson without a rebound.
13:47 of 1st period - Sidney Crosby wins face-off versus Frans Nielsen in BUFFALO zone.
14:23 of 1st period - Shot by Patrick Marleau.
14:23 of 1st period - Shot Misses the Net.
14:25 of 1st period - Shot by Matt Hunwick.
14:25 of 1st period - Shot Misses the Net.
15:07 of 1st period - Shot by Brad Marchand.
15:07 of 1st period - Stopped by Jimmy Howard without a rebound.
15:08 of 1st period - Alexander Ovechkin wins face-off versus Nick Bonino in WINNIPEG zone.
15:17 of 1st period - Shot by Alexander Ovechkin.
15:17 of 1st period - Deflect By Patrick Eaves.
15:17 of 1st period - Shot Blocked by Jay Bouwmeester.
15:34 of 1st period - Shot by Milan Lucic.
15:34 of 1st period - Deflect By David Backes.
15:34 of 1st period - Stopped by Jimmy Howard without a rebound.
15:35 of 1st period - Matt Duchene wins face-off versus Brandon Sutter in WINNIPEG zone.
16:04 of 1st period - Matt Duchene is hit by Nick Holden and loses puck.
16:43 of 1st period - Shot by Alexander Ovechkin.
16:43 of 1st period - Stopped by Chad Johnson without a rebound.
16:44 of 1st period - Nick Bonino wins face-off versus Bo Horvat in BUFFALO zone.
16:44 of 1st period - Nick Bonino is hit by Alexander Ovechkin.
16:51 of 1st period - Off-side.
16:52 of 1st period - Frans Nielsen wins face-off versus Sidney Crosby in neutral zone.
16:56 of 1st period - Minor Penalty to Alexander Edler for Tripping.
16:57 of 1st period - Henrik Sedin wins face-off versus Brandon Sutter in WINNIPEG zone.
16:58 of 1st period - Shot by J.T. Miller.
16:58 of 1st period - Shot Misses the Net.
17:36 of 1st period - Shot by Zdeno Chara.
17:36 of 1st period - Shot Blocked by Matt Hunwick.
17:42 of 1st period - Shot by Milan Lucic.
17:42 of 1st period - Stopped by Jimmy Howard with a rebound.
19:30 of 1st period - Icing by Kevan Miller.
19:31 of 1st period - Sidney Crosby wins face-off versus Dominic Moore in BUFFALO zone.
19:32 of 1st period - Shot by Cam Atkinson.
19:32 of 1st period - Stopped by Chad Johnson without a rebound.
19:33 of 1st period - Nick Bonino wins face-off versus Sidney Crosby in BUFFALO zone.
19:49 of 1st period - Shot by Milan Lucic.
19:49 of 1st period - Shot Blocked by Clayton Stoner.
19:51 of 1st period - Shot by Milan Lucic.
19:51 of 1st period - Shot Blocked by Matt Hunwick.
19:53 of 1st period - Shot by Nick Bonino.
19:53 of 1st period - Shot Blocked by Matt Hunwick.
19:55 of 1st period - Shot by Nick Bonino.
19:55 of 1st period - Stopped by Jimmy Howard with a rebound.
19:57 of 1st period - Shot by Nick Bonino.
19:57 of 1st period - Shot Misses the Net.
19:59 of 1st period - Shot by David Backes.
19:59 of 1st period - Shot Hit the Post.
Goals for this period are 1 for WINNIPEG vs 3 for BUFFALO.
Shots for this period are 15 for WINNIPEG vs 11 for BUFFALO.

2nd period


0:01 of 2nd period - Bo Horvat wins face-off versus Matt Duchene in neutral zone.
0:08 of 2nd period - Bo Horvat is hit by Brad Marchand and loses puck.
0:47 of 2nd period - Shot by Matt Duchene.
0:47 of 2nd period - Stopped by Jimmy Howard with a rebound.
0:49 of 2nd period - Shot by Brad Marchand.
0:49 of 2nd period - Shot Misses the Net.
1:47 of 2nd period - Sidney Crosby is hit by Jay Bouwmeester.
1:52 of 2nd period - Sidney Crosby is hit by Kevan Miller and loses puck.
2:38 of 2nd period - Nick Holden is hit by Drew Doughty.
4:24 of 2nd period - Shot by Brad Marchand.
4:24 of 2nd period - Shot Misses the Net.
5:16 of 2nd period - Shot by J.T. Miller.
5:16 of 2nd period - Stopped by Jimmy Howard without a rebound.
5:17 of 2nd period - Nick Bonino wins face-off versus Brandon Sutter in WINNIPEG zone.
5:30 of 2nd period - Shot by Milan Lucic.
5:30 of 2nd period - Shot Misses the Net.
5:33 of 2nd period - Icing by Alexander Edler.
5:34 of 2nd period - Sven Baertschi wins face-off versus Frans Nielsen in WINNIPEG zone.
5:34 of 2nd period - Sven Baertschi is hit by J.T. Miller.
6:27 of 2nd period - Shot by Alexander Ovechkin.
6:27 of 2nd period - Shot Misses the Net.
6:44 of 2nd period - Nick Holden is hit by Drew Doughty and loses puck.
7:00 of 2nd period - Icing by Matt Hunwick.
7:01 of 2nd period - Henrik Sedin wins face-off versus Sidney Crosby in WINNIPEG zone.
7:15 of 2nd period - Icing by Clayton Stoner.
7:16 of 2nd period - Sidney Crosby wins face-off versus Nick Bonino in WINNIPEG zone.
7:16 of 2nd period - Sidney Crosby is hit by Milan Lucic.
7:17 of 2nd period - Minor Penalty to David Backes for Cross-checking.
7:18 of 2nd period - Sidney Crosby wins face-off versus Nick Bonino in BUFFALO zone.
7:19 of 2nd period - Shot by Cam Atkinson.
7:19 of 2nd period - Shot Misses the Net.
7:21 of 2nd period - Shot by Sidney Crosby.
7:21 of 2nd period - Shot Misses the Net.
7:23 of 2nd period - Shot by Alexander Edler.
7:23 of 2nd period - Shot Misses the Net.
7:27 of 2nd period - Shot by Sidney Crosby.
7:27 of 2nd period - Shot Misses the Net.
7:37 of 2nd period - Shot by Sidney Crosby.
7:37 of 2nd period - Stopped by Chad Johnson without a rebound.
7:38 of 2nd period - Bo Horvat wins face-off versus Nick Bonino in BUFFALO zone.
7:38 of 2nd period - Bo Horvat is hit by Zdeno Chara.
7:50 of 2nd period - Shot by Troy Stecher.
7:50 of 2nd period - Stopped by Chad Johnson without a rebound.
7:51 of 2nd period - Nick Bonino wins face-off versus Cam Atkinson in BUFFALO zone.
8:06 of 2nd period - Shot by Alexander Ovechkin.
8:06 of 2nd period - Stopped by Chad Johnson without a rebound.
8:07 of 2nd period - Nick Bonino wins face-off versus Bo Horvat in BUFFALO zone.
8:32 of 2nd period - Shot by Sven Baertschi.
8:32 of 2nd period - Stopped by Chad Johnson without a rebound.
8:33 of 2nd period - Sidney Crosby wins face-off versus Nick Bonino in BUFFALO zone.
9:03 of 2nd period - Shot by Cam Atkinson.
9:03 of 2nd period - Goal by Cam Atkinson - WINNIPEG : 2 - BUFFALO : 3.
9:04 of 2nd period - Brandon Sutter wins face-off versus Frans Nielsen in neutral zone.
9:07 of 2nd period - Frans Nielsen is hit by Brandon Sutter and loses puck.
9:12 of 2nd period - Shot by Sven Baertschi.
9:12 of 2nd period - Goal by Sven Baertschi - WINNIPEG : 3 - BUFFALO : 3.
9:13 of 2nd period - Brandon Sutter wins face-off versus Frans Nielsen in neutral zone.
9:36 of 2nd period - Shot by Sven Baertschi.
9:36 of 2nd period - Stopped by Chad Johnson without a rebound.
9:37 of 2nd period - Matt Duchene wins face-off versus Sidney Crosby in BUFFALO zone.
9:44 of 2nd period - Shot by Matt Duchene.
9:44 of 2nd period - Shot Blocked by Cam Atkinson.
9:56 of 2nd period - Shot by Cam Atkinson.
9:56 of 2nd period - Shot Misses the Net.
9:58 of 2nd period - Shot by Sidney Crosby.
9:58 of 2nd period - Deflect By Cam Atkinson.
9:58 of 2nd period - Goal by Cam Atkinson - WINNIPEG : 4 - BUFFALO : 3.
9:59 of 2nd period - Frans Nielsen wins face-off versus Bo Horvat in neutral zone.
11:30 of 2nd period - Minor Penalty to Brad Marchand for Hooking.
11:31 of 2nd period - Bo Horvat wins face-off versus Nick Bonino in BUFFALO zone.
11:37 of 2nd period - Shot by Nick Holden.
11:37 of 2nd period - Shot Blocked by Zdeno Chara.
12:37 of 2nd period - Shot by Alexander Ovechkin.
12:37 of 2nd period - Stopped by Chad Johnson with a rebound.
12:44 of 2nd period - Icing by Cam Atkinson.
12:45 of 2nd period - Sidney Crosby wins face-off versus Nick Bonino in WINNIPEG zone.
13:02 of 2nd period - Shot by Alexander Edler.
13:02 of 2nd period - Shot Misses the Net.
13:23 of 2nd period - Alexander Ovechkin is hit by Zdeno Chara and loses puck.
14:29 of 2nd period - Icing by Jakob Silfverberg.
14:30 of 2nd period - Brandon Sutter wins face-off versus Frans Nielsen in BUFFALO zone.
14:35 of 2nd period - Shot by Pierre-Alexandre Parenteau.
14:35 of 2nd period - Stopped by Chad Johnson without a rebound.
14:36 of 2nd period - Nick Bonino wins face-off versus Brandon Sutter in BUFFALO zone.
15:02 of 2nd period - Minor Penalty to Nick Holden for Holding.
15:03 of 2nd period - Brandon Sutter wins face-off versus Matt Duchene in WINNIPEG zone.
15:22 of 2nd period - Shot by Nick Bonino.
15:22 of 2nd period - Goal by Nick Bonino - WINNIPEG : 4 - BUFFALO : 4.
15:23 of 2nd period - Dominic Moore wins face-off versus Sidney Crosby in neutral zone.
15:25 of 2nd period - Off-side.
15:26 of 2nd period - Patrick Marleau wins face-off versus Matt Duchene in neutral zone.
15:28 of 2nd period - Alexander Edler is hit by Zdeno Chara and loses puck.
15:32 of 2nd period - Patrick Marleau is hit by Zdeno Chara and loses puck.
15:50 of 2nd period - Icing by Christopher Tanev.
15:51 of 2nd period - Sidney Crosby wins face-off versus Frans Nielsen in WINNIPEG zone.
16:01 of 2nd period - Icing by Roman Josi.
16:02 of 2nd period - Jakob Silfverberg wins face-off versus Bo Horvat in BUFFALO zone.
16:10 of 2nd period - Off-side.
16:11 of 2nd period - Matt Duchene wins face-off versus Bo Horvat in neutral zone.
16:13 of 2nd period - Roman Josi is hit by Nick Holden and loses puck.
16:44 of 2nd period - Shot by Bo Horvat.
16:44 of 2nd period - Shot Misses the Net.
16:56 of 2nd period - Shot by Brad Marchand.
16:56 of 2nd period - Shot Misses the Net.
17:09 of 2nd period - Icing by Brad Marchand.
17:10 of 2nd period - Sidney Crosby wins face-off versus Matt Duchene in BUFFALO zone.
17:11 of 2nd period - Shot by Alexander Edler.
17:11 of 2nd period - Shot Misses the Net.
17:13 of 2nd period - Shot by Cam Atkinson.
17:13 of 2nd period - Shot Misses the Net.
17:19 of 2nd period - Shot by Sidney Crosby.
17:19 of 2nd period - Deflect By Patrick Marleau.
17:19 of 2nd period - Stopped by Chad Johnson without a rebound.
17:20 of 2nd period - Pierre-Alexandre Parenteau wins face-off versus Frans Nielsen in BUFFALO zone.
18:22 of 2nd period - Shot by David Backes.
18:22 of 2nd period - Stopped by Jimmy Howard with a rebound.
18:24 of 2nd period - Shot by David Backes.
18:24 of 2nd period - Deflect By Nick Bonino.
18:24 of 2nd period - Stopped by Jimmy Howard without a rebound.
18:25 of 2nd period - Dominic Moore wins face-off versus Sidney Crosby in WINNIPEG zone.
18:32 of 2nd period - Shot by Roman Josi.
18:32 of 2nd period - Stopped by Jimmy Howard with a rebound.
18:54 of 2nd period - Shot by Alex Killorn.
18:54 of 2nd period - Shot Blocked by Matt Hunwick.
18:56 of 2nd period - Shot by Dominic Moore.
18:56 of 2nd period - Stopped by Jimmy Howard without a rebound.
18:57 of 2nd period - Matt Duchene wins face-off versus Bo Horvat in WINNIPEG zone.
19:09 of 2nd period - Nick Holden is hit by Kevan Miller and loses puck.
19:57 of 2nd period - Cam Atkinson is hit by Kevan Miller.
Goals for this period are 3 for WINNIPEG vs 1 for BUFFALO.
Shots for this period are 11 for WINNIPEG vs 7 for BUFFALO.

3rd period


0:01 of 3rd period - Matt Duchene wins face-off versus Sidney Crosby in neutral zone.
0:24 of 3rd period - Shot by Brad Marchand.
0:24 of 3rd period - Shot Blocked by Cam Atkinson.
0:26 of 3rd period - Shot by Henrik Sedin.
0:26 of 3rd period - Shot Misses the Net.
0:28 of 3rd period - Shot by Zdeno Chara.
0:28 of 3rd period - Stopped by Jimmy Howard without a rebound.
0:29 of 3rd period - Nick Bonino wins face-off versus Brandon Sutter in WINNIPEG zone.
0:47 of 3rd period - Milan Lucic is hit by Clayton Stoner and loses puck.
0:49 of 3rd period - Minor Penalty to Clayton Stoner for Holding.
0:50 of 3rd period - Brandon Sutter wins face-off versus Matt Duchene in WINNIPEG zone.
0:56 of 3rd period - Icing by Drew Doughty.
0:57 of 3rd period - Brandon Sutter wins face-off versus Matt Duchene in BUFFALO zone.
1:33 of 3rd period - Brad Marchand is hit by Matt Hunwick and loses puck.
1:55 of 3rd period - Icing by Zdeno Chara.
1:56 of 3rd period - Brandon Sutter wins face-off versus Henrik Sedin in BUFFALO zone.
2:00 of 3rd period - Icing by Zdeno Chara.
2:01 of 3rd period - Henrik Sedin wins face-off versus Brandon Sutter in BUFFALO zone.
2:01 of 3rd period - Henrik Sedin is hit by Brandon Sutter.
2:22 of 3rd period - J.T. Miller is hit by Matt Hunwick.
2:28 of 3rd period - Shot by Milan Lucic.
2:28 of 3rd period - Deflect By J.T. Miller.
2:28 of 3rd period - Shot Blocked by Nick Holden.
2:31 of 3rd period - J.T. Miller is hit by Nick Holden and loses puck.
2:57 of 3rd period - Alexander Edler is hit by Kevan Miller and loses puck.
3:24 of 3rd period - Shot by Riley Nash.
3:24 of 3rd period - Stopped by Jimmy Howard without a rebound.
3:25 of 3rd period - Matt Moulson wins face-off versus Matt Duchene in WINNIPEG zone.
3:25 of 3rd period - Nic Dowd is hit by Matt Duchene.
4:00 of 3rd period - Icing by Troy Stecher.
4:01 of 3rd period - Frans Nielsen wins face-off versus Nic Dowd in WINNIPEG zone.
4:46 of 3rd period - Cam Atkinson is hit by J.T. Miller and loses puck.
6:11 of 3rd period - Bo Horvat is hit by Kevan Miller and loses puck.
6:17 of 3rd period - Bo Horvat is hit by Kevan Miller and loses puck.
7:04 of 3rd period - Bo Horvat is hit by J.T. Miller and loses puck.
7:31 of 3rd period - Shot by Brandon Sutter.
7:31 of 3rd period - Deflect By Pierre-Alexandre Parenteau.
7:31 of 3rd period - Stopped by Chad Johnson with a rebound.
7:33 of 3rd period - Shot by Sven Baertschi.
7:33 of 3rd period - Shot Misses the Net.
7:35 of 3rd period - Shot by Troy Stecher.
7:35 of 3rd period - Stopped by Chad Johnson without a rebound.
7:36 of 3rd period - Nick Bonino wins face-off versus Nic Dowd in BUFFALO zone.
8:49 of 3rd period - Shot by Patrick Marleau.
8:49 of 3rd period - Stopped by Chad Johnson without a rebound.
8:50 of 3rd period - Matt Duchene wins face-off versus Brandon Sutter in BUFFALO zone.
9:15 of 3rd period - Shot by Sven Baertschi.
9:15 of 3rd period - Shot Blocked by Zdeno Chara.
9:18 of 3rd period - Minor Penalty to Zdeno Chara for Holding.
9:19 of 3rd period - Cam Atkinson wins face-off versus Brad Marchand in BUFFALO zone.
9:22 of 3rd period - Shot by Cam Atkinson.
9:22 of 3rd period - Stopped by Chad Johnson with a rebound.
9:24 of 3rd period - Shot by Sidney Crosby.
9:24 of 3rd period - Goal by Sidney Crosby - WINNIPEG : 5 - BUFFALO : 4.
9:25 of 3rd period - Frans Nielsen wins face-off versus Sidney Crosby in neutral zone.
9:38 of 3rd period - Shot by Jakob Silfverberg.
9:38 of 3rd period - Shot Misses the Net.
9:40 of 3rd period - Shot by Frans Nielsen.
9:40 of 3rd period - Stopped by Jimmy Howard without a rebound.
9:41 of 3rd period - Matt Duchene wins face-off versus Bo Horvat in WINNIPEG zone.
9:44 of 3rd period - Shot by Henrik Sedin.
9:44 of 3rd period - Stopped by Jimmy Howard without a rebound.
9:45 of 3rd period - Sidney Crosby wins face-off versus Jakob Silfverberg in WINNIPEG zone.
9:50 of 3rd period - Zdeno Chara is hit by Sidney Crosby and loses puck.
10:30 of 3rd period - Icing by Alexander Edler.
10:31 of 3rd period - Sidney Crosby wins face-off versus Henrik Sedin in WINNIPEG zone.
10:45 of 3rd period - Sidney Crosby is hit by Brad Marchand and loses puck.
11:42 of 3rd period - Alex Killorn is hit by Clayton Stoner and loses puck.
11:46 of 3rd period - Minor Penalty to Clayton Stoner for Roughing.
11:47 of 3rd period - Brandon Sutter wins face-off versus Henrik Sedin in WINNIPEG zone.
12:00 of 3rd period - Shot by Sven Baertschi.
12:00 of 3rd period - Stopped by Chad Johnson with a rebound.
12:02 of 3rd period - Shot by Sven Baertschi.
12:02 of 3rd period - Stopped by Chad Johnson without a rebound.
12:03 of 3rd period - Brandon Sutter wins face-off versus Matt Duchene in BUFFALO zone.
12:12 of 3rd period - Shot by Brad Marchand.
12:12 of 3rd period - Shot Misses the Net.
12:14 of 3rd period - Shot by Roman Josi.
12:14 of 3rd period - Shot Blocked by Nick Holden.
13:28 of 3rd period - Shot by Alexander Edler.
13:28 of 3rd period - Shot Blocked by Nick Bonino.
13:30 of 3rd period - Shot by Nick Holden.
13:30 of 3rd period - Stopped by Chad Johnson without a rebound.
13:31 of 3rd period - Brandon Sutter wins face-off versus Matt Duchene in BUFFALO zone.
14:06 of 3rd period - Shot by Matt Moulson.
14:06 of 3rd period - Stopped by Chad Johnson without a rebound.
14:07 of 3rd period - Bo Horvat wins face-off versus Frans Nielsen in BUFFALO zone.
14:12 of 3rd period - Shot by Alexander Ovechkin.
14:12 of 3rd period - Shot Misses the Net.
14:16 of 3rd period - Shot by Bo Horvat.
14:16 of 3rd period - Deflect By Alexander Ovechkin.
14:16 of 3rd period - Goal by Alexander Ovechkin - WINNIPEG : 6 - BUFFALO : 4.
14:17 of 3rd period - Sidney Crosby wins face-off versus David Backes in neutral zone.
14:30 of 3rd period - Roman Josi is hit by Nick Holden and loses puck.
14:35 of 3rd period - Shot by Nick Bonino.
14:35 of 3rd period - Shot Misses the Net.
14:37 of 3rd period - Shot by Drew Doughty.
14:37 of 3rd period - Shot Blocked by Troy Stecher.
14:38 of 3rd period - Minor Penalty to Nick Holden for Hooking.
14:39 of 3rd period - Brandon Sutter wins face-off versus Matt Duchene in WINNIPEG zone.
14:39 of 3rd period - Brandon Sutter is hit by Brad Marchand.
15:00 of 3rd period - Shot by Matt Duchene.
15:00 of 3rd period - Shot Misses the Net.
15:02 of 3rd period - Shot by Brad Marchand.
15:02 of 3rd period - Shot Misses the Net.
15:04 of 3rd period - Shot by Brad Marchand.
15:04 of 3rd period - Stopped by Jimmy Howard without a rebound.
15:05 of 3rd period - Henrik Sedin wins face-off versus Brandon Sutter in WINNIPEG zone.
15:08 of 3rd period - Shot by Nick Bonino.
15:08 of 3rd period - Deflect By J.T. Miller.
15:08 of 3rd period - Shot Misses the Net.
15:23 of 3rd period - Shot by J.T. Miller.
15:23 of 3rd period - Goal by J.T. Miller - WINNIPEG : 6 - BUFFALO : 5.
15:24 of 3rd period - Bo Horvat wins face-off versus Dominic Moore in neutral zone.
15:24 of 3rd period - Alexander Ovechkin is hit by Alex Killorn and loses puck.
15:51 of 3rd period - Shot by Alexander Ovechkin.
15:51 of 3rd period - Stopped by Chad Johnson without a rebound.
15:52 of 3rd period - Sidney Crosby wins face-off versus Frans Nielsen in BUFFALO zone.
15:57 of 3rd period - Shot by Sidney Crosby.
15:57 of 3rd period - Shot Misses the Net.
15:59 of 3rd period - Shot by Sidney Crosby.
15:59 of 3rd period - Deflect By Patrick Marleau.
15:59 of 3rd period - Stopped by Chad Johnson with a rebound.
16:01 of 3rd period - Shot by Cam Atkinson.
16:01 of 3rd period - Stopped by Chad Johnson without a rebound.
16:02 of 3rd period - Matt Duchene wins face-off versus Brandon Sutter in BUFFALO zone.
16:04 of 3rd period - Icing by Drew Doughty.
16:05 of 3rd period - Bo Horvat wins face-off versus Matt Duchene in BUFFALO zone.
16:29 of 3rd period - Christopher Tanev is hit by Brad Marchand and loses puck.
16:34 of 3rd period - Shot by Matt Duchene.
16:34 of 3rd period - Stopped by Jimmy Howard with a rebound.
16:36 of 3rd period - Shot by Brad Marchand.
16:36 of 3rd period - Stopped by Jimmy Howard without a rebound.
16:37 of 3rd period - Brandon Sutter wins face-off versus Frans Nielsen in WINNIPEG zone.
16:37 of 3rd period - Matt Hunwick is hit by Frans Nielsen and loses puck.
16:50 of 3rd period - Shot by Clayton Stoner.
16:50 of 3rd period - Stopped by Chad Johnson without a rebound.
16:51 of 3rd period - Sidney Crosby wins face-off versus Nick Bonino in BUFFALO zone.
17:10 of 3rd period - Patrick Marleau is hit by Drew Doughty and loses puck.
18:17 of 3rd period - Shot by Frans Nielsen.
18:17 of 3rd period - Deflect By J.T. Miller.
18:17 of 3rd period - Stopped by Jimmy Howard without a rebound.
18:18 of 3rd period - Bo Horvat wins face-off versus Matt Duchene in WINNIPEG zone.
18:29 of 3rd period - Icing by Brad Marchand.
18:30 of 3rd period - Nic Dowd wins face-off versus Matt Duchene in BUFFALO zone.
18:35 of 3rd period - Shot by Matt Moulson.
18:35 of 3rd period - Stopped by Chad Johnson with a rebound.
18:38 of 3rd period - Icing by Matt Duchene.
18:39 of 3rd period - Henrik Sedin wins face-off versus Brandon Sutter in BUFFALO zone.
19:00 of 3rd period - BUFFALO, Chad Johnson is pulled from the net.
19:08 of 3rd period - Shot by Matt Duchene.
19:08 of 3rd period - Shot Hit the Post.
19:10 of 3rd period - Shot by Brad Marchand.
19:10 of 3rd period - Shot Misses the Net.
19:12 of 3rd period - Shot by Matt Duchene.
19:12 of 3rd period - Shot Blocked by Alexander Edler.
19:27 of 3rd period - Off-side.
19:28 of 3rd period - Bo Horvat wins face-off versus Matt Duchene in neutral zone.
Goals for this period are 2 for WINNIPEG vs 1 for BUFFALO.
Shots for this period are 15 for WINNIPEG vs 9 for BUFFALO.